 Dungeon Crawl Stone Soup version 0.23.0-3-gf3c87f2df8 (webtiles) character file.

Game seed: 5893452513890732829

32592 Tarias the Grappler (level 13, -1/132 HPs)
             Began as a Troll Berserker on Feb 23, 2019.
             Was an Elder of Trog.
             Slain by a death yak (23 damage)
             ... on level 5 of the Lair of Beasts.
             The game lasted 00:28:07 (14800 turns).

Tarias the Grappler (Troll Berserker)              Turns: 14800, Time: 00:28:08

Health: -1/132     AC:  9    Str: 29    XL:     13   Next: 32%
Magic:  12/12      EV: 14    Int: 12    God:    Trog [****..]
Gold:   785        SH: 13    Dex:  9    Spells: 12/12 levels left

rFire    . . .     SeeInvis .     - Unarmed
rCold    + . .     Gourm    +   j - +0 shield
rNeg     . . .     Faith    .   a - +0 animal skin
rPois    .         Spirit   .   C - +1 hat {Int+3}
rElec    .         Reflect  +   t - +1 cloak
rCorr    .         Harm     .   (gloves unavailable)
MR       ++...                  (boots unavailable)
Stlth    +.........             A - +2 amulet of reflection
HPRegen  0.72/turn              I - ring of protection from cold
MPRegen  0.13/turn              F - ring of the Mage {Wiz MR++ Int+3}

@: berserk cooldown, slowed, very slow
A: large, unfitting armour, claws 3, fast metabolism 3, gourmand, regeneration
1, shaggy fur 1, tough skin 3
a: Berserk, Trog's Hand, Brothers in Arms, Renounce Religion


You were on level 5 of the Lair of Beasts.
You worshipped Trog.
Trog was greatly pleased with you.
You were very full.

You visited 2 branches of the dungeon, and saw 15 of its levels.
You also visited: Bailey.

You collected 934 gold pieces.
You spent 149 gold pieces at shops.

Inventory:

Armour
 a - a +0 animal skin (worn)
 j - a +0 shield (worn)
 t - a +1 cloak (worn)
 C - a +1 hat of intelligence (worn)
Jewellery
 g - an uncursed ring of flight
 A - a +2 amulet of reflection (around neck)
 F - the ring of the Mage (right claw) {Wiz MR++ Int+3}
   (You found it on level 9 of the Dungeon)

   [ring of wizardry]

   It improves your spell success rate.
   It affects your intelligence (+3).
   It affects your resistance to hostile enchantments.
 I - a ring of protection from cold (left claw)
Wands
 h - a wand of clouds (13)
 i - a wand of enslavement (6)
 s - a wand of polymorph (10)
 B - a wand of paralysis (13)
 E - a wand of acid (15)
Scrolls
 e - 4 scrolls of fear
 k - 17 scrolls of remove curse
 p - 4 scrolls of teleportation
 v - a scroll of enchant armour
 x - a scroll of fog
 y - 10 scrolls of identify
 D - 2 scrolls of magic mapping
 K - a scroll of random uselessness
Potions
 c - 2 potions of mutation
 d - 7 potions of curing
 f - a potion of ambrosia
 l - a potion of cancellation
 m - 3 potions of brilliance
 n - a potion of haste
 o - 5 potions of flight
 q - a potion of lignification
 r - 3 potions of magic
 u - 3 potions of heal wounds
 w - 2 potions of invisibility
 z - a potion of berserk rage
 H - a potion of resistance
Comestibles
 b - 33 rations
 G - a chunk of flesh


   Skills:
 + Level 9.7 Fighting
 + Level 3.6 Armour
 + Level 9.6 Dodging
 + Level 9.0 Shields
 + Level 12.7 Unarmed Combat


You had 12 spell levels left.
You didn't know any spells.
Your spell library was empty.

Dungeon Overview and Level Annotations

Branches:
Dungeon (10/15)            Temple (0/1) D:7            Lair (5/6) D:9
 Shoals (0/4) Lair:3       Spider (0/4) Lair:2          Orc (0/2) D:9
  Slime: Lair:5-6

Altars:
Ashenzari
Cheibriados
Dithmenos
Elyvilon
Makhleb
Ru
Xom
Yredelemnul

Shops:
D:8 =   D:10 ?

Annotations:
D:5 1 runed translucent door
Lair:2 exclusion: 4 oklob plants


Innate Abilities, Weirdness & Mutations

You are too large for most types of armour.
You have claws for hands.
Your metabolism is lightning-fast.
You like to eat raw meat.
Your natural rate of healing is unusually fast.
You are covered in fur. (AC +1)
You have extremely tough skin. (AC +3)


Message History

Aim: a rime drake (severely wounded, encased in ice)
The bolt of acid hits the death yak.
The death yak is splashed with acid.
The acid corrodes the death yak!
The death yak is heavily wounded.
The bolt of acid hits the rime drake!
The rime drake is splashed with acid.
The acid corrodes the rime drake!
You kill the rime drake!
Trog accepts your kill.
You hear an angry hiss.
The death yak gores you.
* * * LOW HITPOINT WARNING * * *
Evoke which item? (* to show all) (? for menu, Esc to quit)
Aiming: Corrosive Bolt
Press: ? - help, Shift-Dir - straight line, f - death yak
Aim: a death yak (heavily wounded, covered in acid)
The bolt of acid hits the death yak!
The death yak is splashed with acid.
The acid corrodes the death yak!
The death yak is severely wounded.
The death yak gores you!!
You die...

......#......#.# #....# ## k
.....##.....#.#.###....####.##Y.
..##........#..###.P....#....P..
..†.............................
...÷.......<...............Y....
.........................?......
..PPP##.....##.†...........)##..
...####......##Y##.....P.#.##
....####.....###@##.....P###
#....##......#...###....##
P.....#.#.....#.## #....#
#......##P.....## ##....#
###.....##......#..#.<.##
##♣....##............#
####♣..................


#PP ♣♣♣................. ♣P♣P♣.♣................. You could see a death yak.

Vanquished Creatures
  Gastronok (D:8)
  2 hydras
  4 death yaks
  Nergalle (Lair:1)
  A fire crab (Lair:4)
  Pikel (D:5)
  A wolf spider (Lair:2)
  A centaur zombie (D:10)
  Joseph (D:8)
  6 black mambas
  Psyche (D:8)
  10 spiny frogs
  4 rime drakes
  6 komodo dragons
  A polar bear (Lair:1)
  A hornet (Lair:3)
  15 blink frogs
  The ghost of PentaManta the Cutter, an amateur KoBe of Trog (D:5)
  22 yaks
  A wyvern (Lair:3)
  2 hogs (D:7)
  A human (D:7)
  3 basilisks
  2 hungry ghosts (D:9)
  10 water moccasins
  6 porcupines
  A slave (D:5)
  5 orc warriors
  2 sky beasts (D:10)
  2 phantoms
  6 ogres
  6 wolves
  8 crocodiles
  6 centaurs
  A gnoll sergeant (D:10)
  14 bullfrogs
  2 big kobolds (D:10)
  2 scorpions (D:8)
  A wyvern skeleton (D:10)
  2 howler monkeys
  3 bullfrog zombies
  5 crimson imps
  A jelly (D:10)
  5 orc priests
  A bullfrog skeleton (D:9)
  7 hounds
  An iguana (D:4)
  Ijyb (D:3)
  5 orc wizards
  4 worker ants
  A hound zombie (D:9)
  A howler monkey zombie (D:6)
  A worker ant zombie (D:10)
  6 gnolls
  A river rat (D:5)
  14 adders
  A shadow imp (D:7)
  An ooze (D:3)
  2 adder skeletons
  6 worms
  A dart slug (D:1)
  5 leopard geckos
  25 orcs
  7 giant cockroaches
  15 goblins
  14 hobgoblins
  9 jackals
  2 quokkas
  8 bats
  9 frilled lizards
  A jackal skeleton (D:9)
  26 kobolds
  3 quokka skeletons
  A quokka zombie (D:7)
  11 rats
367 creatures vanquished.

Vanquished Creatures (collateral kills)
  The ghost of dwarken the Grappler, a journeyman TrMo of Okawaru (D:9)
  4 death yaks (D:9)
  An ugly thing (D:9)
  A wraith (D:9)
  2 yaks (D:9)
  A hungry ghost (D:9)
  An orc warrior (D:10)
  An ogre (D:9)
  A scorpion (D:10)
  2 crimson imps
  A worker ant zombie (D:9)
  An adder (Lair:3)
17 creatures vanquished.

Vanquished Creatures (others)
  An orc priest (D:5)
  11 fungi
  18 plants
30 creatures vanquished.

Grand Total: 414 creatures vanquished

Notes
Turn   | Place    | Note
-------+----------+-------------------------------------------
     0 | D:1      | Tarias the Troll Berserker began the quest for the Orb.
     0 | D:1      | Reached XP level 1. HP: 22/22 MP: 0/0
   168 | D:1      | Reached XP level 2. HP: 29/29 MP: 1/1
   817 | D:2      | Reached XP level 3. HP: 34/36 MP: 2/2
   940 | D:2      | Reached ** piety under Trog
  1035 | D:2      | Found a shimmering altar of Xom.
  1154 | D:2      | Found a sacrificial altar of Ru.
  1486 | D:3      | Reached skill level 4 in Unarmed Combat
  1578 | D:3      | Noticed Ijyb
  1581 | D:3      | Reached XP level 4. HP: 44/44 MP: 3/3
  1588 | D:3      | Killed Ijyb
  2240 | D:3      | Reached *** piety under Trog
  2264 | D:3      | Reached XP level 5. HP: 52/53 MP: 4/4
  2537 | D:3      | Reached skill level 1 in Shields
  2739 | D:4      | Reached skill level 5 in Unarmed Combat
  2754 | D:4      | Reached XP level 6. HP: 61/61 MP: 5/5
  2853 | D:4      | Found a basalt altar of Yredelemnul.
  3257 | D:5      | Entered Level 5 of the Dungeon
  3341 | D:5      | Noticed Pikel
  3341 | D:5      | Noticed a slave
  3341 | D:5      | Noticed a slave
  3341 | D:5      | Noticed a slave
  3341 | D:5      | Noticed a slave
  3358 | D:5      | Killed a slave
  3372 | D:5      | Killed Pikel
  3372 | D:5      | Reached skill level 6 in Unarmed Combat
  3372 | D:5      | Reached XP level 7. HP: 70/70 MP: 6/6
  3615 | D:5      | Found a runed translucent door.
  3616 | D:5      | Noticed PentaManta's ghost (amateur KoBe)
  3645 | D:5      | Killed PentaManta's ghost
  3645 | D:5      | Reached XP level 8. HP: 75/79 MP: 7/7
  3646 | D:5      | Reached skill level 7 in Unarmed Combat
  3765 | D:5      | Reached **** piety under Trog
  4232 | D:5      | Found a runed translucent door.
  4510 | D:6      | Found a burning altar of Makhleb.
  4932 | D:6      | Found a shadowy altar of Dithmenos.
  5123 | D:7      | Reached skill level 8 in Unarmed Combat
  5128 | D:7      | Reached skill level 5 in Fighting
  5248 | D:7      | Found a flagged portal.
  5251 | D:7      | Reached skill level 5 in Dodging
  5260 | D:7      | Reached XP level 9. HP: 63/88 MP: 8/8
  5302 | Bailey   | Entered a bailey
  5369 | Bailey   | Found the +8 demon trident "Rift" {distort, reach+}
  5465 | Bailey   | Found a burning altar of Makhleb.
  5821 | D:7      | Reached skill level 9 in Unarmed Combat
  5998 | D:7      | Found a staircase to the Ecumenical Temple.
  6234 | D:8      | Noticed Joseph
  6245 | D:8      | Killed Joseph
  6643 | D:8      | Reached XP level 10. HP: 98/98 MP: 9/9
  6650 | D:8      | Found a snail-covered altar of Cheibriados.
  6865 | D:8      | Found a white marble altar of Elyvilon.
  6865 | D:8      | Found a shattered altar of Ashenzari.
  6870 | D:8      | Found a faded altar of an unknown god.
  6872 | D:8      | Found a faded altar of an unknown god.
  6874 | D:8      | Found a shadowy altar of Dithmenos.
  6913 | D:8      | Noticed Psyche
  6917 | D:8      | Killed Psyche
  6917 | D:8      | Reached skill level 5 in Shields
  7142 | D:8      | Found Guuwin's Jewellery Shop.
  7150 | D:8      | Bought a +2 amulet of reflection for 97 gold pieces
  7180 | D:8      | Noticed Gastronok
  7190 | D:8      | Killed Gastronok
  7190 | D:8      | Reached skill level 10 in Unarmed Combat
  7360 | D:9      | Found a staircase to the Orcish Mines.
  7510 | D:9      | Noticed a death yak
  7520 | D:9      | Killed a death yak
  7524 | D:9      | Noticed a death yak
  7524 | D:9      | Noticed a death yak
  7527 | D:9      | Killed a death yak
  7527 | D:9      | Noticed a death yak
  7528 | D:9      | Noticed a death yak
  7529 | D:9      | Killed a death yak
  7530 | D:9      | Found a staircase to the Lair.
  7530 | D:9      | Noticed a green ugly thing
  7531 | D:9      | Killed a death yak
  7535 | D:9      | Killed a green ugly thing
  7535 | D:9      | Reached XP level 11. HP: 75/109 MP: 10/10
  7538 | D:9      | Killed a death yak
  7892 | D:9      | Found a runed translucent door.
  7892 | D:9      | Noticed dwarken's ghost (journeyman TrMo)
  7893 | D:9      | Found the ring of the Mage {Wiz MR++ Int+3}
  7922 | D:9      | Killed dwarken's ghost
  8074 | D:10     | Entered Level 10 of the Dungeon
  8138 | D:10     | Reached ***** piety under Trog
  8153 | D:10     | Reached skill level 11 in Unarmed Combat
  8254 | D:10     | Found Giymidd's Magic Scroll Shop.
  8263 | D:10     | Bought a scroll of identify for 26 gold pieces
  8263 | D:10     | Bought a scroll of identify for 26 gold pieces
  8801 | Lair:1   | Entered Level 1 of the Lair of Beasts
  8834 | Lair:1   | You fall through a shaft!
  9448 | Lair:1   | Noticed Nergalle
  9458 | Lair:1   | Killed Nergalle
 10116 | Lair:2   | Reached XP level 12. HP: 122/122 MP: 11/11
 10235 | Lair:2   | Found a hole to the Spider Nest.
 11161 | Lair:3   | Found a staircase to the Shoals.
 11376 | Lair:3   | Reached skill level 12 in Unarmed Combat
 11660 | Lair:3   | Reached skill level 1 in Armour
 12925 | Lair:4   | Noticed a four-headed hydra
 12943 | Lair:4   | HP: 5/123 [seven-headed hydra (10)]
 13324 | Lair:3   | Killed a 12-headed hydra
 13789 | Lair:4   | Noticed a five-headed hydra
 13813 | Lair:4   | Reached XP level 13. HP: 56/131 MP: 12/12
 14800 | Lair:5   | Slain by a death yak

Skill      XL: |  1  2  3  4  5  6  7  8  9 10 11 12 13 |
---------------+----------------------------------------+-----
Unarmed Combat | 4 5 6 8 9 10 11 12 | 12.7
Fighting       | 3 4 5 6 7 8 9 |  9.7
Dodging        | 3 4 5 6 7 8 9 |  9.6
Shields        | 1 2 3 4 6 7 8 9 |  9.0
Armour         | 2 3 |  3.6

Action                   |  1- 3 |  4- 6 |  7- 9 | 10-12 | 13-15 || total
-------------------------+-------+-------+-------+-------+-------++-------
Melee: Unarmed           |   134 |   173 |   269 |   604 |    76 ||  1256
       Punch             |     2 |       |       |       |       ||     2
Invok: Berserk           |       |     3 |     5 |    12 |     3 ||    23
       Trog's Hand       |       |     1 |     2 |     6 |     2 ||    11
       Brothers in Arms  |       |       |       |     5 |     2 ||     7
 Abil: Evoke Flight      |       |       |     3 |       |       ||     3
Evoke: Wand              |       |       |       |       |     2 ||     2
  Use: Scroll            |       |     7 |     9 |    11 |     2 ||    29
       Potion            |       |       |       |     4 |       ||     4
 Stab: Sleeping          |     4 |       |     1 |       |       ||     5
       Distracted        |       |       |       |     1 |       ||     1
  Eat: Chunk             |    20 |    18 |    38 |    76 |    14 ||   166
       Ration            |       |       |       |     3 |       ||     3
Armor: Animal skin       |    55 |    55 |    61 |    97 |     9 ||   277
Dodge: Dodged            |    74 |    40 |    74 |   196 |    24 ||   408
Block: Shield            |       |    48 |    98 |   327 |    40 ||   513
       Reflection        |       |       |       |    11 |     1 ||    12
